 Dungeon Crawl Stone Soup version 0.15-a0-429-gf5d7e11 (webtiles) character file.

219 PolkaDot the Insei (level 4, -2/31 HPs)
             Began as a Vampire Transmuter on May 6, 2014.
             Killed from afar by an orc wizard (7 damage)
             ... with a magic dart
             ... on Level 3 of the Dungeon.
             The game lasted 00:05:49 (1524 turns).

PolkaDot the Insei (Vampire Transmuter)             Turns: 1524, Time: 00:05:49

HP  -2/31        AC  2     Str 14      XL: 4   Next: 41%
MP   7/7         EV 13     Int 15      God:
Gold 123         SH  0     Dex 15      Spells:  1 memorised,  6 levels left

rFire  . . .     SeeInvis +       - Unarmed
rCold  . . .     Clarity  .     c - +0 robe
rNeg   . . .     Conserve .     (no shield)
rPois  .         rCorr    .     (no helmet)
rElec  .         rRot     .     (no cloak)
SustAb . .       Spirit   .     (no gloves)
rMut   .         Warding  .     (boots unavailable)
Saprov . . .     Stasis   .     (no amulet)
MR     .....                    (no ring)
                                (no ring)

@: appendage (expiring), regenerating quickly, mighty, not resistant to hostile
enchantments, very unstealthy
A: fangs 3, talons 3, see invisible, unbreathing
a: End Transformation


You were on level 3 of the Dungeon.
You were very full.
You had grown temporary talons.
You visited 1 branch of the dungeon, and saw 3 of its levels.

You collected 123 gold pieces.

Inventory:

Missiles
 b - 12 arrows
Armour
 c - a +0 robe (worn)
Magical devices
 e - a wand of digging (9) {unknown}
 i - a wand of enslavement (10) {unknown}
Scrolls
 a - a scroll of amnesia {unknown}
 g - a scroll of teleportation {unknown}
 j - a scroll of enchant weapon II {unknown}
 m - a scroll of remove curse {unknown}
Potions
 f - a potion of flight {unknown}
 h - a potion of might
 k - a potion of heal wounds {unknown}
 l - 2 potions of curing
 n - a potion of invisibility {unknown}
Books
 d - a book of Changes

   Spells                             Type                      Level
   *Beastly Appendage                 Transmutation                1
   Sticks to Snakes                   Transmutation                2
   Spider Form                        Transmutation/Poison         3
   Ice Form                           Ice/Transmutation            4
   Blade Hands                        Transmutation                5


   Skills:
 - Level 0.8 Fighting
 - Level 3.1 Dodging
 * Level 5.1 Unarmed Combat
 - Level 2.0 Spellcasting
 + Level 2.5 Transmutations


You had 6 spell levels left.
You knew the following spells:

 Your Spells              Type           Power        Failure   Level  Hunger
a - Beastly Appendage     Trmt           #.....       10%         1    #......


Dungeon Overview and Level Annotations

Branches:
Dungeon (3/15)

Altars:
Fedhas


Innate Abilities, Weirdness & Mutations

Your natural rate of healing is unusually fast.
You have razor-sharp teeth.*
You have supernaturally acute eyesight.
You can survive without breathing.*
You have claws for feet.*


Message History

It was a potion of might.
The orc wizard hits you but does no damage.
The orc wizard barely misses you.
You hit the orc wizard.
The orc wizard is severely wounded.
The orc wizard hits you but does no damage.
You closely miss the orc wizard. Your kick misses the orc wizard.
The orc wizard is severely wounded.
The orc wizard hits you with a runed dagger.
* * * LOW HITPOINT WARNING * * *
The orc wizard hits you with a runed dagger.
* * * LOW HITPOINT WARNING * * *
You closely miss the orc wizard. Your kick misses the orc wizard.
The orc wizard is severely wounded.
The orc wizard hits you but does no damage.
You closely miss the orc wizard. Your bite misses the orc wizard.
The orc wizard is severely wounded.
The orc wizard gestures at you while chanting.
The magic dart hits you!
You die... #.# #.# #.# #.# #.# ##.## .oo

#o# #@# ## #.# #.
#.# #.
#.###############.
#....(............
##################
##########
#........#
#........#


You could see an orc wizard and 2 orcs.

Vanquished Creatures
  4 adders (D:2)
  3 giant geckos
  3 orcs (D:3)
  A giant cockroach (D:2)
  14 goblins
  5 hobgoblins
  2 jackals (D:1)
  6 kobolds
  A quokka (D:2)
  A ball python (D:3)
  6 bats
  4 giant newts
  11 rats
61 creatures vanquished.

Vanquished Creatures (others)
  4 toadstools (D:1)
4 creatures vanquished.

Grand Total: 65 creatures vanquished

Notes
Turn   | Place    | Note
--------------------------------------------------------------
     0 | D:1      | PolkaDot, the Vampire Transmuter, began the quest for the Orb.
     0 | D:1      | Reached XP level 1. HP: 14/14 MP: 3/3
     2 | D:1      | Learned a level 1 spell: Beastly Appendage
   118 | D:1      | Reached XP level 2. HP: 20/20 MP: 4/4
   291 | D:1      | Reached skill level 4 in Unarmed Combat
   603 | D:2      | Found a blossoming altar of Fedhas.
   626 | D:2      | Reached XP level 3. HP: 23/25 MP: 6/6
  1021 | D:2      | Reached XP level 4. HP: 29/31 MP: 7/7
  1252 | D:2      | Reached skill level 5 in Unarmed Combat
  1524 | D:3      | Killed from afar by an orc wizard

Action                   |  1- 3 |  4- 6 || total
-------------------------+-------+-------++-------
Melee: Unarmed           |   112 |    62 ||   174
 Cast: Beastly Appendage |    13 |     3 ||    16
  Use: Potion            |     1 |     2 ||     3
